AoeStats
← WARChris

Lombardia

509197774Analyzed
2v2 RM · 5d ago on Sep 25, 2026· 14m 56s· 4 players
Game mode
Random Map
Map size
Medium (4 player)
Population
200
Speed
Normal
Resources
Standard
Victory
Conquest
Starting age
Dark Age
Ending age
Imperial Age
RankedLock teamsTeams togetherTeam positionsShared explorationLock speedFull tech treeHidden civsTurbo modeCheats
Victory
Defeat
🇩🇪 Georgians · Germany
1779
+9
🇩🇪 Persians · Germany
1772
+10
🇫🇮 Burgundians · Finland
1657
-11
🇫🇷 Varangians · France
1591
-8
TocToc.Marc-A
9:17 Feudal Age
9:39 Loom
10:00 Double-Bit Axe
11:06 Horse Collar
13:46 Wheelbarrow
Sunset
3:35 Double-Bit Axe
6:17 Loom
9:12 Feudal Age
10:32 Bow Saw
11:09 Horse Collar
13:14 Wheelbarrow
12:56 Heavy Plow
Lukas_AoE
8:16 Loom
8:21 Loom
11:10 Feudal Age
15:05 Castle Age
13:55 Gold Mining
13:51 Double-Bit Axe
13:48 Horse Collar
WARChris
6:22 Loom
8:53 Feudal Age
Connection lost

Rejoining the realm…

Still unreachable

The connection could not be restored.

Session expired

The server has moved on; the page needs a fresh start.